 Dungeon Crawl Stone Soup version 0.13.0-21-ge43020b (webtiles) character file.

14637 4tharraofdagon the Grappler (level 11, -24/98 HPs)
             Began as a Troll Monk on Oct 26, 2013.
             Was a High Priest of Makhleb.
             Killed from afar by a green death (35 damage)
             ... with a poison arrow
             ... summoned by the player character
             ... on Level 6 of the Lair of Beasts.
             The game lasted 00:28:56 (3498 turns).

4tharraofdagon the Grappler (Troll Monk)            Turns: 3498, Time: 00:28:57

HP -24/98        AC  8     Str 21      XL: 11   Next: 89%
MP  23/23        EV  8     Int  9      God: Makhleb [*****.]
Gold 115         SH 34     Dex 12      Spells:  0 memorised, 18 levels left

Res.Fire  : . . .   See Invis. : .     - Unarmed
Res.Cold  : . . .   Warding    : .   o - +2 orc robe {MR+}
Life Prot.: . . .   Conserve   : .   q - +0 dwarf large shield
Res.Poison: .       Res.Corr.  : .   t - +0 wizard hat
Res.Elec. : .       Clarity    : .   u - +0 cloak
Sust.Abil.: . .     Spirit.Shd : .   (gloves unavailable)
Res.Mut.  : .       Stasis     : .   (boots unavailable)
Res.Rott. : .       Flight     : .   d - amulet of faith
Gourmand  : +                        (no ring)
                                     H - ring of magical power

@: quite poisoned, very resistant to hostile enchantments, unstealthy
A: unfitting armour, claws 3, blurry vision 1, fast metabolism 3, gourmand,
magic resistance 1, regeneration 2, saprovore 2, tough skin 2, AC +1
a: Minor Destruction, Lesser Servant of Makhleb, Major Destruction, Greater
Servant of Makhleb, Renounce Religion


You were on level 6 of the Lair of Beasts.
You worshipped Makhleb.
Makhleb was extremely pleased with you.
You were very full.

You visited 3 branches of the dungeon, and saw 15 of its levels.

You collected 115 gold pieces.

Inventory:

Armour
 a - a +0 robe
 n - a +0 cloak
 o - a +2 orcish robe of magic resistance (worn)
 q - a +0 dwarven large shield (worn)
 t - a +0 wizard hat (worn)
 u - a +0 cloak (worn)
Magical devices
 x - a wand of disintegration (7)
 F - a wand of draining (4)
 G - a wand of flame (14)
Comestibles
 b - 5 meat rations
 f - 2 bread rations
Scrolls
 c - a scroll of immolation {unknown}
 h - a scroll of enchant weapon II {unknown}
 i - 2 scrolls of enchant armour {unknown}
 j - 2 scrolls of noise {unknown}
 l - a scroll of curse weapon {unknown}
 m - a scroll of recharging {unknown}
 p - 2 scrolls of random uselessness {unknown}
 s - 3 scrolls of curse armour {unknown}
 v - a scroll of enchant weapon I {unknown}
 y - a scroll of teleportation {unknown}
 D - 3 scrolls of fear {unknown}
 I - a scroll of identify
Jewellery
 d - an amulet of faith (around neck)
 B - an uncursed amulet of resist corrosion
 H - a ring of magical power (left claw)
Potions
 e - 2 potions of restore abilities {unknown}
 g - 3 potions of curing {unknown}
 k - a potion of brilliance
 r - a potion of poison
 w - a potion of might
 z - a potion of confusion
 C - 2 potions of slowing
 E - a potion of flight
Magical staves
 A - an uncursed staff of wizardry


   Skills:
 - Level 4.0 Fighting
 - Level 2.4 Dodging
 - Level 1.1 Stealth
 + Level 7.5 Shields
 * Level 13.8 Unarmed Combat
 + Level 4.0 Spellcasting
 - Level 4.0 Invocations
 - Level 4.2 Evocations


You had 18 spell levels left.
You didn't know any spells.

Dungeon Overview and Level Annotations

Branches:
Dungeon (8/27)             Temple (1/1) D:5            Lair (6/8) D:8
    Orc: D:6-11       Swamp: Lair:3-6    Shoals: Lair:3-6     Snake: Lair:3-6
 Spider: Lair:3-6     Slime: Lair:6-8

Altars:
Cheibriados
Elyvilon
Fedhas
Kikubaaqudgha
Makhleb
Nemelex Xobeh
Okawaru
Sif Muna
Trog
Vehumet
Xom
Zin
the Shining One

Annotations:
D:3 MDvedh's ghost, average DsMo
D:4 Sigmund
Lair:2 exclusion: ice statue
Lair:6 4tharraofdagon's ghost, powerful TrMo


Innate Abilities, Weirdness & Mutations

You are too large for most types of armour.
You have claws for hands.
Your metabolism is lightning-fast.
You like to eat raw meat.
You heal very quickly.
You can eat rotten meat.
You are covered in fur (AC +1).
You have very tough skin (AC +2).
Your vision is a little blurry.
You are resistant to hostile enchantments.


Message History

Use which ability? (? or * to list)
You fail to use your ability. 4tharraofdagon's ghost hits your cacodemon but does no damage.
The fire drake breathes fire at you. The blast of flame hits your cacodemon.
Your cacodemon appears unharmed.
The blast of flame hits you!
* * * LOW HITPOINT WARNING * * *
You block the green death's attack.
Your cacodemon gestures at the fire drake.
The bolt of energy hits the fire drake.
Unknown command.
Unknown command.
Use which ability? (? or * to list)
A demon appears!
It doesn't seem very happy.
You feel somewhat less full. The fire drake bites your cacodemon.
The green death gestures at you. The poison arrow hits you!
You are poisoned.
You die...

... .........
...........
.............
...............
................
..........2......
...................
........2@..........
......................
..........D............
...........2p..........
...........l...........
........................
.......................
...<...................
......................


You could see a seven-headed hydra, 2 green deaths, a fire drake,
4tharraofdagon's ghost and a friendly cacodemon.

Vanquished Creatures
  A hydra (Lair:2)
  A catoblepas (Lair:3)
  A spiny frog (Lair:4)
  3 black mambas
  A fire drake (D:8)
  A komodo dragon (Lair:2)
  5 polar bears (Lair:2)
  8 blink frogs
  3 hippogriffs (Lair:2)
  2 sharks (Lair:5)
  6 yaks (Lair:1)
  11 wolves
  A wyvern (D:8)
  2 porcupines
  6 ice beasts (Lair:2)
  An ogre (D:5)
  2 centaurs
  6 giant goldfish (Lair:3)
  7 crocodiles
  6 giant frogs
  A giant slug (Lair:3)
  3 water moccasins
  Blork the orc (D:4)
  3 agate snails
  3 killer bees (D:6)
  A crimson imp (D:6)
  5 jellyfish
  2 hounds
  5 iguanas
  Crazy Yiuf (D:6)
  A scorpion (D:8)
  A worker ant (D:5)
  19 sheep
  Ijyb (D:4)
  7 adders
  17 green rats
  2 worms
  A white imp (Lair:2)
  4 orcs
  5 bats
  A bat skeleton (D:7)
  3 goblins
  3 hobgoblins
  14 jackals
  6 kobolds
  6 quokkas
  2 giant geckos
  A giant newt (D:2)
  A hobgoblin skeleton (D:8)
  A jackal skeleton (D:8)
  4 rats
199 creatures vanquished.

Vanquished Creatures (collateral kills)
  Gastronok (Lair:2)
  A hydra (Lair:5)
  3 spiny frogs
  2 blink frogs (Lair:5)
  A shark (Lair:5)
  4 wolves (Lair:5)
  2 hippogriffs
  A crocodile (Lair:5)
  A water moccasin (Lair:5)
  2 jellyfish (Lair:5)
  A sheep (Lair:2)
  A quokka (Lair:2)
  A rat (Lair:2)
21 creatures vanquished.

Vanquished Creatures (others)
  A blizzard demon (Lair:6)
  A smoke demon (Lair:2)
  A hellwing (Lair:2)
3 creatures vanquished.

Grand Total: 223 creatures vanquished

Notes
Turn   | Place    | Note
--------------------------------------------------------------
     0 | D:1      | 4tharraofdagon, the Troll Monk, began the quest for the Orb.
     0 | D:1      | Reached XP level 1. HP: 20/20 MP: 0/0
    80 | D:2      | Reached XP level 2. HP: 28/28 MP: 0/0
   216 | D:3      | timbw: why not Fi?
   234 | D:3      | timbw: youre not doing shields anyways?
   234 | D:3      | 4tharraofdagon: hmm
   234 | D:3      | 4tharraofdagon: ye good point
   234 | D:3      | 4tharraofdagon: ill start in next
   234 | D:3      | Ladykiller69: ?
   282 | D:3      | Noticed MDvedh's ghost (average DsMo)
   300 | D:3      | Ladykiller69: WHAT DID I MISS!?
   328 | D:4      | timbw: a snake or something
   339 | D:3      | timbw: nothing very exciting
   343 | D:3      | Reached skill level 5 in Unarmed Combat
   356 | D:2      | Reached XP level 3. HP: 35/35 MP: 1/1
   416 | D:4      | Noticed Ijyb
   439 | D:4      | Killed Ijyb
   453 | D:4      | Noticed a centaur
   459 | D:4      | Killed a centaur
   459 | D:4      | Reached skill level 6 in Unarmed Combat
   459 | D:4      | Reached XP level 4. HP: 44/44 MP: 1/1
   468 | D:4      | Noticed Blork the orc
   476 | D:4      | Killed Blork the orc
   476 | D:4      | Reached XP level 5. HP: 42/50 MP: 1/1
   577 | D:4      | Noticed Sigmund
   605 | D:5      | Entered Level 5 of the Dungeon
   613 | D:5      | Reached skill level 7 in Unarmed Combat
   659 | D:5      | Found a staircase to the Ecumenical Temple.
   664 | D:5      | Reached XP level 6. HP: 46/58 MP: 2/2
   684 | Temple   | Entered the Ecumenical Temple
   725 | Temple   | Became a worshipper of Makhleb the Destroyer
   725 | Temple   | Acquired Makhleb's first power
   725 | Temple   | Acquired Makhleb's second power
   755 | D:5      | Noticed an ogre
   755 | D:5      | Noticed a centaur
   761 | D:5      | Killed a centaur
   761 | D:5      | Reached skill level 1 in Shields
   765 | D:5      | Killed an ogre
   858 | D:6      | Reached skill level 8 in Unarmed Combat
   858 | D:6      | Reached XP level 7. HP: 66/66 MP: 2/2
   936 | D:6      | Noticed Crazy Yiuf
   945 | D:6      | Killed Crazy Yiuf
  1330 | D:8      | Noticed a fire drake
  1331 | D:8      | Found a staircase to the Lair.
  1334 | D:8      | Killed a fire drake
  1334 | D:8      | Reached skill level 9 in Unarmed Combat
  1334 | D:8      | Reached skill level 1 in Invocations
  1334 | D:8      | Reached XP level 8. HP: 74/74 MP: 2/4
  1351 | D:8      | Noticed a wyvern
  1358 | D:8      | Killed a wyvern
  1358 | D:8      | Reached skill level 1 in Evocations
  1369 | Lair:1   | Entered Level 1 of the Lair of Beasts
  1482 | Lair:1   | Ladykiller69: whats the aproximate amount of turns one gains when they dont autoexplore lair?
  1533 | Lair:1   | 4tharraofdagon: i would say at least 50%
  1533 | Lair:1   | 4tharraofdagon: all those corners
  1533 | Lair:1   | timbw: probably about half yeah
  1564 | Lair:1   | Ladykiller69: the algorithm doesnt fare well with those yeah....
  1588 | Lair:1   | Ladykiller69: nice murdering
  1631 | Lair:1   | Acquired Makhleb's third power
  1631 | Lair:1   | Reached XP level 9. HP: 71/81 MP: 6/8
  1856 | Lair:2   | Ladykiller69: you changing anything when you find lair so soon?
  1873 | Lair:2   | Reached skill level 10 in Unarmed Combat
  1904 | Lair:2   | Bloax: besides dying horribly
  1908 | Lair:2   | Bloax: not much
  1955 | Lair:2   | timbw: i dont like large shield for Tr
  1972 | Lair:2   | timbw: 15 skill so big investment
  1989 | Lair:2   | Ladykiller69: eh
  1990 | Lair:2   | Ladykiller69: its def
  1990 | Lair:2   | Bloax: Worth it.
  1990 | Lair:2   | Ladykiller69: aghainst stuff
  1993 | Lair:2   | Ladykiller69: which is HUGE for a troll
  1993 | Lair:2   | Gained mutation: Your vision is a little blurry. [potion of mutation]
  1993 | Lair:2   | Gained mutation: You are resistant to hostile enchantments. [potion of mutation]
  1994 | Lair:2   | timbw: I dont think so
  1995 | Lair:2   | timbw: if youre gonna do slimepits after lair runes
  1998 | Lair:2   | Noticed an ice statue
  2000 | Lair:2   | timbw: you need all the exp you can get
  2000 | Lair:2   | timbw: into fighting uc or evo
  2000 | Lair:2   | timbw: or invo if you do it that way
  2000 | Lair:2   | 4tharraofdagon: ye
  2000 | Lair:2   | timbw: with 12 fighting and xl 16
  2000 | Lair:2   | timbw: troll have 160~ life
  2000 | Lair:2   | timbw: its enough
  2000 | Lair:2   | timbw: but if you do 15 shields
  2000 | Lair:2   | Ladykiller69: that hydra disagreed
  2000 | Lair:2   | timbw: u will have max 15 uc and 0 fighitng
  2000 | Lair:2   | Bloax: i had 100 hp on a gargoyle before d:14 in slime
  2000 | Lair:2   | Bloax: just without rcorr
  2000 | Lair:2   | Bloax: almost died twice to trj without bringing him down to 50%
  2006 | Lair:2   | Noticed Gastronok
  2008 | Lair:2   | timbw: i slatted on my way down to trj -.-
  2008 | Lair:2   | CRAPONOK
  2009 | Lair:2   | timbw: i forgot i was rc-
  2011 | Lair:2   | Bloax: retarded challenge
  2012 | Lair:2   | timbw: from fda
  2033 | Lair:2   | Noticed a six-headed hydra
  2039 | Lair:2   | Bloax: if you don't have rC++ and rCorr by slime
  2045 | Lair:2   | Bloax: you can just forget about it
  2045 | Lair:2   | wtf
  2045 | Lair:2   | Ladykiller69: rC?
  2045 | Lair:2   | timbw: it might still be doable
  2045 | Lair:2   | timbw: with ctele & poly
  2045 | Lair:2   | Bloax: https://dl.dropboxusercontent.com/u/63152810/AzureFiend.gif
  2045 | Lair:2   | timbw: if u have evo & vurl scroll
  2051 | Lair:2   | uck
  2075 | Lair:2   | timbw: lol bloax
  2083 | Lair:2   | Ladykiller69: is that new?
  2085 | Lair:2   | timbw: why do we not have that tile
  2097 | Lair:2   | Acquired Makhleb's fourth power
  2104 | Lair:2   | timbw: that would make them look appropriately scary
  2130 | Lair:2   | timbw: maybe not as a gif but i like the glow
  2131 | Lair:2   | Bloax: iunno
  2138 | Lair:2   | Bloax: https://dl.dropboxusercontent.com/u/63152810/AzureFiend1.png
  2155 | Lair:2   | Killed Gastronok
  2155 | Lair:2   | Reached skill level 5 in Shields
  2155 | Lair:2   | Reached skill level 11 in Unarmed Combat
  2155 | Lair:2   | Reached XP level 10. HP: 21/92 MP: 10/10
  2167 | Lair:2   | Noticed a black mamba
  2188 | Lair:2   | Ladykiller69: I have never run into those
  2206 | Lair:2   | Ladykiller69: are they somewhat new?
  2206 | Lair:2   | Bloax: hheheh
  2217 | Lair:1   | Bloax: no
  2217 | Lair:1   | timbw: they almost only appear in slimepits
  2217 | Lair:1   | Bloax: Damage: 12(cold:15-44), 12(cold:15-44), 12, 12
  2217 | Lair:1   | Bloax: here's their damage
  2219 | Lair:2   | Ladykiller69: hm
  2220 | Lair:2   | Bloax: 30-88 AC-ignoring damage
  2220 | Lair:2   | Bloax: oh and they're speed 11
  2220 | Lair:2   | Bloax: enjoy
  2237 | Lair:2   | Ladykiller69: I think I had firestorm or something like that when I did slime
  2238 | Lair:2   | Noticed a black mamba
  2244 | Lair:2   | Ladykiller69: that one time I did slime
  2245 | Lair:2   | Killed a black mamba
  2245 | Lair:2   | Bloax: that's ezmode
  2268 | Lair:2   | Ladykiller69: god I suck D=
  2296 | Lair:2   | Bloax: Albeit occasionally just splatmode if you get fucked by blobs.
  2333 | Lair:2   | timbw: slimepits is just one of those places
  2356 | Lair:2   | timbw: if you want it enough you can splat anything there
  2363 | Lair:2   | Reached skill level 1 in Spellcasting
  2371 | Lair:2   | timbw: no problems
  2371 | Lair:2   | Ladykiller69: get splat
  2371 | Lair:2   | Ladykiller69: or splat
  2381 | Lair:2   | Ladykiller69: that is the question
  2381 | Lair:2   | Bloax: to splat or not to splat
  2381 | Lair:2   | Bloax: that is the question
  2390 | Lair:2   | Bloax: of doing slime
  2394 | Lair:2   | timbw: its slime
  2394 | Lair:2   | timbw: tomb
  2397 | Lair:3   | timbw: and elf3
  2397 | Lair:2   | timbw: but people think elf3 is easy
  2397 | Lair:2   | Bloax: also hell
  2404 | Lair:2   | timbw: yes
  2408 | Lair:2   | timbw: and pan to I suppose
  2419 | Lair:2   | Bloax: Pan is a bit safer.
  2438 | Lair:2   | timbw: you can get fucked
  2441 | Lair:2   | Ladykiller69: elf 3 does have its doable parts
  2442 | Lair:2   | timbw: when jupming levels
  2443 | Lair:2   | Bloax: Since even unique floors don't have CTele-
  2446 | Lair:2   | Bloax: So you can blink.
  2449 | Lair:2   | timbw: yeah
  2450 | Lair:2   | Killed a six-headed hydra
  2450 | Lair:2   | Reached skill level 12 in Unarmed Combat
  2454 | Lair:2   | Bloax: Hell:$ floors have it though.
  2460 | Lair:2   | timbw: but land on hellion island
  2463 | Lair:2   | timbw: get panlord with eyes
  2466 | Lair:2   | Bloax: hueuhaeuheauha
  2466 | Lair:2   | Ladykiller69: really?
  2483 | Lair:2   | Ladykiller69: does vestibule
  2521 | Lair:2   | Bloax: By Hell:$ floors I'm referring to the branch ends.
  2542 | Lair:2   | Ladykiller69: have -cTele
  2548 | Lair:2   | Ladykiller69: ah
  2549 | Lair:2   | Bloax: Since I can't be bothered to list them all.
  2554 | Lair:2   | timbw: people think elf3 is easy
  2563 | Lair:2   | timbw: thats because
  2578 | Lair:2   | timbw: they havnt played for streaks
  2579 | Lair:2   | Bloax: they haven't been LCS'd yet
  2586 | Lair:2   | Ladykiller69: I was somewhat terrified, not been there in somewhat long
  2588 | Lair:2   | timbw: yeah
  2599 | Lair:2   | Ladykiller69: I have been LCSd
  2600 | Lair:2   | timbw: so much stuff in elf
  2603 | Lair:2   | Ladykiller69: its unfun
  2611 | Lair:2   | Ladykiller69: jory is dumb
  2621 | Lair:2   | Bloax: there are demonologists
  2626 | Lair:2   | timbw: can do 120+ in 2 turns
  2637 | Lair:2   | Acquired Makhleb's fifth power
  2639 | Lair:2   | Bloax: who can accidentally fiends
  2677 | Lair:2   | timbw: even just elec bolt
  2678 | Lair:2   | Ladykiller69: firestorm is the new mass abjuration tho!
  2678 | Lair:2   | Bloax: annihilators who occasionally press the big red button
  2680 | Lair:3   | timbw: or arrows
  2682 | Lair:2   | Bloax: oh god the archers
  2688 | Lair:2   | Bloax: fuckin cheaters
  2717 | Lair:2   | timbw: i bet they can shot upwards of 80 dmg
  2719 | Lair:2   | timbw: im not sure
  2726 | Lair:2   | timbw: but it feels like it
  2741 | Lair:2   | Bloax: Arra here splatted a gargoyle with like 40 AC in Elf:3
  2743 | Lair:2   | Reached XP level 11. HP: 88/98 MP: 10/10
  2757 | Lair:2   | Bloax: because an archer did 47 damage in one shot
  2773 | Lair:2   | Bloax: due to GDR bypassing
  2784 | Lair:3   | Bloax: and piss bad rolls
  2785 | Lair:3   | Ladykiller69: I remember
  2816 | Lair:3   | Ladykiller69: piss bad rolls are a problem everywhere where you can get banished tho
  2823 | Lair:3   | Bloax: not really
  2829 | Lair:3   | Noticed a black mamba
  2830 | Lair:3   | Bloax: unless you get piss bad abyss rolls too
  2831 | Lair:3   | timbw: abyss is fairly survivable
  2834 | Lair:3   | timbw: as long as you stay away
  2835 | Lair:3   | Ladykiller69: abyss
  2835 | Lair:3   | timbw: from abyss 5
  2835 | Lair:3   | Bloax: in which case
  2837 | Lair:3   | timbw: abyss 5 is a nightmare
  2837 | Lair:3   | Killed a black mamba
  2839 | Lair:3   | Bloax: you probably are fucked
  2851 | Lair:3   | Bloax: abyss:5 is pretty fun
  2860 | Lair:3   | Bloax: if you can take it
  2874 | Lair:3   | timbw: if you are with mak
  2876 | Lair:3   | Ladykiller69: I got abyss'd with ~200 MR ant then an executioner came to fuck me
  2879 | Lair:3   | Bloax: otherwise oh god stay away
  2909 | Lair:3   | Noticed a catoblepas
  2921 | Lair:3   | timbw: abyss 5 just as bad as hell
  2924 | Lair:3   | timbw: unless with mak
  2924 | Lair:3   | Killed a catoblepas
  2954 | Lair:3   | Ladykiller69: maybe an unavoidable death for all I know
  2956 | Lair:3   | Bloax: at least it's filled with exits once you get the rune
  2956 | Lair:3   | Reached skill level 13 in Unarmed Combat
  3042 | Lair:3   | Ladykiller69: early lair is fairly great for trolls tho isnt it
  3067 | Lair:3   | timbw: sort of
  3067 | Lair:3   | Bloax: if you like hydras yes
  3067 | Lair:3   | timbw: but there are hydras
  3086 | Lair:3   | Bloax: pretty cool with ice form though
  3094 | Lair:3   | timbw: I got a weird vaults in swamp
  3097 | Lair:3   | timbw: that I hadnt seen before
  3104 | Lair:3   | timbw: an army of 1 headed hydras
  3109 | Lair:3   | Bloax: o_O
  3124 | Lair:3   | timbw: they look so cute
  3137 | Lair:3   | Ladykiller69: they are the reason I preferred M/F over anything in my early days
  3140 | Lair:3   | timbw: and by army i mean 3
  3165 | Lair:3   | Ladykiller69: that sounds funny actually
  3182 | Lair:3   | Bloax: with a flaming handaxe
  3185 | Lair:4   | Bloax: you can oneshot them at once
  3199 | Lair:4   | Ladykiller69: flaming anything
  3216 | Lair:4   | timbw: M/F best weapon for normal runes imo
  3226 | Lair:4   | Bloax: an axe is optimal because of cleaving
  3232 | Lair:4   | timbw: unless with trog or oka
  3253 | Lair:4   | timbw: runs*
  3257 | Lair:4   | Ladykiller69: now
  3258 | Lair:4   | Killed a black mamba
  3263 | Lair:4   | Ladykiller69: my favourite weapons are polearms
  3278 | Lair:4   | Ladykiller69: because utility
  3285 | Lair:4   | Bloax: bardiches are fairly common in vaults
  3294 | Lair:4   | timbw: 26 skill
  3301 | Lair:4   | Ladykiller69: eh
  3302 | Lair:4   | timbw: compared to greatmaces 20
  3302 | Lair:4   | Bloax: certainly more so than exec axes/triple swords
  3331 | Lair:4   | Found a deep blue altar of Sif Muna.
  3332 | Lair:4   | Ladykiller69: for early actually
  3333 | Lair:4   | timbw: holy great maces common in vaults
  3341 | Lair:4   | timbw: normal great maces
  3342 | Lair:4   | timbw: common everywhere
  3365 | Lair:4   | Ladykiller69: I love DgWz
  3370 | Lair:5   | Noticed a five-headed hydra
  3375 | Lair:5   | Killed a five-headed hydra
  3379 | Lair:5   | Bloax: triple swords are available very occasionally on Rupert or Sojobo.
  3386 | Lair:5   | Ladykiller69: its just so hilariously broken in combo with the wz spells
  3406 | Lair:5   | Bloax: Exec axes pretty much don't exist.
  3412 | Lair:5   | Bloax: Unless you track down Ignacio.
  3425 | Lair:5   | Ladykiller69: trog?
  3440 | Lair:5   | Bloax: you see
  3447 | Lair:5   | Bloax: there's the problem about this
  3447 | Lair:5   | Ladykiller69: also dwhips are somewhat common arent they?
  3469 | Lair:5   | Bloax: Trog/Oka aren't answers.
  3481 | Lair:6   | Noticed 4tharraofdagon's ghost (powerful TrMo)
  3483 | Lair:6   | hello
  3484 | Lair:6   | Bloax: Unless you'd go Makhleb/Whatever -> Trog/Oka just to get an axe.
  3485 | Lair:6   | Noticed a seven-headed hydra
  3493 | Lair:6   | Noticed a green death
  3498 | Lair:6   | Noticed a green death
  3498 | Lair:6   | Killed from afar by a green death

Action                   |  1- 3 |  4- 6 |  7- 9 | 10-12 || total
-------------------------+-------+-------+-------+-------++-------
Melee: Unarmed           |    61 |    53 |   264 |   379 ||   757
Invok: Minor Destruction |       |       |     1 |    14 ||    15
       Lesser Servant of |       |       |     1 |     3 ||     4
       Greater Servant o |       |       |       |     4 ||     4
Evoke: Wand              |       |       |     4 |     3 ||     7
  Use: Potion            |       |       |     3 |     1 ||     4
       Scroll            |       |       |     6 |       ||     6
 Stab: Sleeping          |       |       |     2 |     2 ||     4
       Distracted        |       |       |       |     4 ||     4
